Map: Port Aleksander LE

Players

TIME (Oliveira) - Winner!

  • Race: Terran Terran
  • Spawn Location: 11:00

MacSed

  • Race: Protoss Protoss
  • Spawn Location: 5:00

Event: 2019 WCS Spring

VOD

Have the link to the VOD?

Description

Time

  • Played on: May 17, 2019, 2:46 p.m.
  • Length: 16:09

All games in this series

Show
View Real Time Build Order
Export as new Build Order

TIME Terran - Winner!

Build Orders: Liberator Opening 

Get SALT Encoding   

  12  0:00  SCV  
  13  0:13  SCV  
  14  0:19  Supply Depot  
  14  0:25  SCV  
  15  0:29  Refinery  
  15  0:40  SCV  
  16  0:46  Barracks  
  16  0:52  SCV  
  17  1:04  SCV  
  18  1:16  SCV  
  19  1:29  SCV  
  20  1:33  Reaper  
  21  1:40  Command Center  
  21  1:49  Orbital Command  
  21  2:00  Factory  
  21  2:09  Barracks Reactor  
  21  2:12  Supply Depot  
  21  2:15  SCV  
  22  2:20  Refinery  
  22  2:27  SCV  
  23  2:39  SCV  
  24  2:48  Starport  
  27  2:51  Hellion x2  
  27  2:54  SCV  
  28  3:06  SCV  
  31  3:13  Widow Mine  
  31  3:15  Orbital Command, Widow Mine  
  31  3:18  SCV  
  34  3:25  Medivac  
  36  3:28  Barracks Tech Lab  
  36  3:30  SCV  
  37  3:34  Widow Mine  
  37  3:36  Widow Mine  
  41  3:41  SCV  
  41  3:42  SCV  
  41  3:47  Supply Depot  
  43  3:51  Liberator  
  43  3:53  SCV  
  43  3:54  SCV  
  45  4:01  Marine  
  46  4:05  Barracks  
  46  4:08  SCV, Marine  
  46  4:09  SCV  
  52  4:10  Supply Depot  
  52  4:25  SCV x2  
  52  4:30  Supply Depot  
  54  4:32  Siege Tank, Marine x2  
  59  4:40  SCV  
  59  4:42  SCV  
  59  4:43  Engineering Bay, Bunker  
  59  4:44  Refinery  
  61  4:51  Marine  
  61  4:52  Marine  
  63  4:53  Barracks Tech Lab  
  63  4:54  SCV  
  63  4:57  Barracks  
  64  5:02  SCV  
  64  5:06  Siege Tank  
  68  5:08  Supply Depot  
  68  5:12  Marine  
  68  5:13  SCV  
  70  5:20  Supply Depot  
  70  5:24  Missile Turret  
  70  5:27  SCV x2, Marine  
  69  5:31  Missile Turret  
  65  5:36  Marine  
  65  5:39  SCV x2  
  65  5:42  Marine  
  59  5:51  SCV x2  
  59  5:54  Marine  
  54  5:59  Marine  
  54  6:03  SCV x2, Marine  
  53  6:15  SCV  
  53  6:16  SCV, Missile Turret  
  50  6:22  Marine  
  50  6:25  Barracks Tech Lab  
  46  6:27  Starport Tech Lab  
  46  6:28  SCV x2  
  46  6:34  Marine  
  46  6:39  Marine  
  37  6:40  SCV x2  
  37  6:46  Raven  
  42  6:47  Stimpack  
  42  6:51  Marine  
  42  6:52  SCV, Marine  
  46  6:54  SCV  
  46  6:58  Marine  
  47  7:04  SCV  
  47  7:06  SCV  
  47  7:08  Terran Infantry Weapons Level 1  
  49  7:09  Marine  
  49  7:12  Marine  
  51  7:16  SCV  
  51  7:19  Barracks Reactor  
  51  7:21  SCV  
  53  7:28  SCV  
  53  7:29  Factory Tech Lab  
  52  7:30  Starport Reactor, Barracks Reactor  
  52  7:33  SCV  
  52  7:36  Supply Depot  
  53  7:40  SCV  
  53  7:44  Marine  
  54  7:45  SCV  
  54  7:47  Siege Tank  
  59  7:52  SCV  
  59  7:55  Marine  
  59  7:56  Marine  
  59  7:57  Marine  
  63  8:01  SCV, Marine  
  64  8:09  Medivac x2  
  64  8:11  Supply Depot  
  68  8:13  Marine  
  68  8:14  SCV, Marine  
  68  8:19  Marine  
  73  8:21  Siege Tank  
  73  8:24  Barracks Reactor  
  73  8:25  SCV  
  76  8:27  SCV  
  77  8:34  Marine  
  77  8:35  Marine, Supply Depot  
  77  8:37  SCV  
  77  8:40  Marine  
  81  8:41  SCV  
  81  8:42  Supply Depot  
  81  8:46  Refinery  
  81  8:48  Combat Shield  
  81  8:53  SCV, Siege Tank  
  81  8:54  Marine  
  86  8:57  Marine  
  86  8:59  Medivac  
  88  9:05  Supply Depot  
  88  9:06  Terran Infantry Armor Level 1  
  88  9:09  Supply Depot  
  86  9:15  Liberator, Marine  
  86  9:16  Marine  
  82  9:18  Marine  
  82  9:23  Marine  
  81  9:26  Marine  
  81  9:28  Siege Tank  
  85  9:33  SCV, Marine  
  85  9:34  Liberator, Marine  
  85  9:36  Marine  
  92  9:41  Command Center, Marine  
  92  9:44  Marine  
  94  9:51  Marine x2  
  99  9:54  Marine  
  99  9:56  SCV  
  99  9:57  SCV  
  102  10:02  Barracks  
  102  10:03  Supply Depot, Barracks  
  102  10:04  Marine  
  102  10:05  Marine  
  102  10:06  Liberator  
  104  10:08  SCV  
  104  10:11  Marine  
  104  10:13  Siege Tank  
  109  10:18  Marine  
  109  10:20  Liberator  
  110  10:22  Marine  
  110  10:26  SCV  
  110  10:28  SCV, Marine  
  115  10:39  Marine  
  119  10:43  Marine  
  119  10:46  Marine  
  121  10:51  Barracks Tech Lab x2  
  121  10:52  SCV  
  121  10:54  SCV  
  121  10:59  Siege Tank  
  124  11:08  Marine x2  
  124  11:09  Marauder  
  124  11:10  Marauder, Marine x2  
  132  11:15  Refinery  
  131  11:20  Marine  
  131  11:21  Orbital Command, Refinery  
  131  11:23  SCV  
  132  11:26  Marine  
  132  11:28  Marine x2  
  132  11:30  Marauder  
  132  11:32  Marauder  
  137  11:33  SCV  
  137  11:36  Siege Tank  
  141  11:45  Supply Depot x2  
  141  12:06  SCV, Marine x3  
  141  12:07  Marauder x2  
  135  12:16  Marine  
  135  12:17  Marauder  
  135  12:20  SCV  
  135  12:21  Siege Tank  
  135  12:23  Medivac x2  
  135  12:24  SCV, Marine x2  
  135  12:25  SCV  
  135  12:27  Ghost Academy  
  137  12:40  Sensor Tower  
  130  12:46  Marine x2  
  130  12:47  Marauder  
  130  12:48  Liberator  
  130  12:50  Marine x2  
  130  12:51  Marauder  
  114  12:55  Marine  
  101  12:59  Siege Tank  
  101  13:03  Liberator  
  101  13:04  Marine x2  
  103  13:08  Marauder  
  96  13:13  Marine  
  96  13:14  Marine  
  97  13:30  Ghost x2, Marine  
  97  13:31  Siege Tank  
  97  13:33  SCV  
  100  13:39  Marine  
  100  13:40  Liberator  
  99  13:48  Marine x2  
  99  13:49  Marauder  
  99  13:54  Marine  
  103  13:57  Marine  
  103  13:59  Marauder  
  103  14:02  Marine  
  103  14:05  Liberator  
  103  14:06  SCV, Marine x2  
  95  14:10  Marauder  
  95  14:12  Marine  
  95  14:15  Marine  
  95  14:16  SCV x2  
  84  14:18  SCV  
  84  14:20  Marauder, Siege Tank  
  84  14:21  Marauder  
  84  14:23  Liberator  
  84  14:24  Marine  
  95  14:27  Marine  
  95  14:28  SCV x2  
  95  14:30  Marine  
  100  14:36  SCV, Marine x2  
  103  14:41  Marine  
  105  14:46  Marauder, Marine  
  105  14:52  Marine  
  109  14:53  Supply Depot  
  109  14:55  Liberator  
  109  14:57  Concussive Shells  
  109  14:59  SCV  
  110  15:06  Marine x2  
  113  15:07  Marauder, Missile Turret  
  116  15:16  Siege Tank, Marine  
  120  15:26  Marine x2  
  120  15:27  SCV  
  122  15:36  Marine  
  122  15:38  SCV, Marine  
Show
View Real Time Build Order
Export as new Build Order

MacSed Protoss 

Build Orders: 1 Gate Expand, Zealot Archon, Dark Templar Rush 

Get SALT Encoding   

  12  0:00  Probe  
  13  0:12  Probe  
  14  0:18  Pylon  
  14  0:24  Probe  
  15  0:32  Probe  
  15  0:39  Gateway  
  15  0:40  Probe  
  16  0:48  Assimilator  
  17  0:51  Probe  
  18  1:03  Probe  
  19  1:15  Probe  
  20  1:26  Cybernetics Core  
  20  1:35  Nexus  
  20  1:42  Pylon  
  20  1:45  Probe  
  21  1:53  Assimilator, Adept  
  21  1:57  Probe  
  22  2:07  Shield Battery  
  24  2:10  Probe  
  24  2:15  Warp Gate  
  25  2:16  Stalker  
  25  2:23  Probe  
  28  2:35  Probe  
  29  2:46  Sentry  
  29  2:47  Probe  
  29  2:48  Probe  
  32  2:57  Probe  
  33  2:58  Twilight Council  
  33  2:59  Probe  
  35  3:07  Probe  
  35  3:11  Probe  
  37  3:15  Robotics Facility  
  38  3:20  Probe  
  38  3:23  Probe  
  39  3:32  Probe  
  40  3:35  Probe  
  41  3:43  Dark Shrine  
  41  3:44  Probe  
  41  3:46  Gateway  
  41  3:47  Probe, Gateway  
  43  3:56  Probe, Pylon  
  43  3:59  Probe  
  45  4:04  Warp Prism  
  45  4:07  Pylon  
  45  4:08  Assimilator  
  45  4:11  Assimilator  
  45  4:13  Probe  
  48  4:17  Stalker  
  48  4:22  Probe  
  51  4:25  Shield Battery  
  51  4:26  Probe  
  52  4:31  Probe  
  52  4:35  Probe  
  53  4:39  Probe  
  53  4:43  Probe  
  53  4:44  Stalker  
  57  4:45  Pylon  
  57  4:47  Pylon  
  57  4:49  Probe  
  59  5:05  Dark Templar x2  
  64  5:07  Probe  
  64  5:15  Pylon  
  64  5:20  Robotics Bay, Pylon  
  64  5:21  Forge  
  64  5:28  Dark Templar  
  64  5:38  Dark Templar x2  
  56  6:04  Stalker  
  56  6:06  Probe  
  56  6:08  Probe  
  57  6:18  Probe  
  57  6:22  Probe  
  50  6:30  Probe  
  51  6:35  Probe  
  51  6:39  Colossus  
  52  6:42  Probe  
  52  6:47  Probe  
  54  6:50  Gateway  
  54  6:51  Gateway  
  60  6:55  Probe  
  60  6:59  Probe  
  60  7:00  Gateway  
  62  7:02  Extended Thermal Lance  
  62  7:03  Protoss Ground Armor Level 1  
  62  7:07  Probe  
  63  7:11  Probe, Pylon  
  63  7:13  Dark Templar  
  66  7:19  Probe  
  66  7:21  Pylon  
  67  7:26  Archon  
  67  7:27  Archon  
  67  7:29  Probe  
  63  7:32  Probe  
  64  7:41  Probe  
  64  7:43  Zealot  
  64  7:44  Zealot x2, Probe  
  72  8:01  Probe  
  73  8:07  Colossus  
  73  8:09  Probe  
  74  8:13  Probe  
  75  8:22  Charge  
  75  8:24  Nexus  
  81  8:27  Pylon  
  81  8:28  Probe  
  82  8:34  Probe, Templar Archives  
  82  8:37  Sentry  
  85  8:43  Pylon  
  85  8:44  Probe  
  85  8:46  Probe  
  87  8:54  Colossus  
  87  9:01  Psionic Storm  
  93  9:05  Probe x2  
  91  9:18  Protoss Ground Weapons Level 1  
  91  9:27  High Templar  
  91  9:30  High Templar, Shield Battery  
  95  9:31  Probe x2  
  95  9:38  Probe, Gateway x2  
  98  9:43  Probe  
  98  9:44  Probe  
  100  9:49  Zealot x4  
  108  9:54  Probe  
  108  9:56  Probe  
  110  10:02  Pylon, Shield Battery  
  110  10:05  High Templar x2  
  114  10:09  Pylon  
  114  10:10  Photon Cannon  
  114  10:11  Shield Battery  
  114  10:19  Stalker x3  
  116  10:32  Pylon  
  116  10:33  Zealot x3  
  122  10:41  Stalker x2  
  115  10:58  Nexus  
  115  11:03  High Templar x2, Warp Prism  
  113  11:21  Stalker  
  115  11:27  Pylon  
  115  11:35  Stalker x2  
  117  11:45  Zealot x3  
  123  11:53  Zealot x2  
  127  11:58  Stalker  
  129  12:14  Archon  
  129  12:15  Zealot x4  
  120  12:26  Probe  
  121  12:33  Zealot x4  
  129  12:39  Stalker x2  
  131  12:50  Zealot x2  
  85  13:02  Stalker x5  
  85  13:12  Zealot x3  
  85  13:25  Probe x2  
  73  13:36  Zealot x7  
  73  13:37  Zealot  
  89  14:00  Stalker x5  
  95  14:04  Colossus  
  79  14:11  Archon  
  79  14:15  Zealot x3  
  67  14:27  High Templar x4  
  75  14:33  Dark Templar  
  77  14:39  High Templar x2  
  77  14:42  Colossus  
  77  14:43  Photon Cannon  
  81  14:49  Dark Templar  
  87  15:08  Stalker x4  
  95  15:22  Nexus  
  95  15:27  Zealot x2  
  97  15:37  Dark Templar  
  97  15:42  Archon  
  99  15:43  Stalker x2  
  99  15:44  Stalker x2  
  105  15:56  Zealot x3  
Tags
 
Add a new tag
Caveats
  • Supply blocks, unpowered buildings, or Contaminate may cause inaccurate times.
  • Supply counts are checked every 10 seconds.